 Dungeon Crawl Stone Soup version 0.30.0-10-gfe55d96785 (webtiles) character file.

Game seed: 8228331713470166446

809 Byczy the Thaumaturge (level 7, -8/37 HPs)
             Began as a Deep Elf Summoner on May 15, 2023.
             Killed by an exploding themself (45 damage)
             ... ignited by their inner flame
             ... on level 6 of the Dungeon.
             The game lasted 00:19:58 (4989 turns).

Byczy the Thaumaturge (Deep Elf Summoner)           Turns: 4989, Time: 00:19:58

Health: -8/37      AC:  3    Str:  5    XL:     7   Next: 61%
Magic:  20/20      EV: 13    Int: 22    God:
Gold:   412        SH:  0    Dex: 15    Spells: 12/22 levels left

rFire   . . .        t - +3 broad axe (flame)
rCold   . . .        (no shield)
rNeg    . . .        a - +1 robe
rPois   .            (no helmet)
rElec   .            q - scarf {repulsion}
rCorr   .            (no gloves)
SInv    .            (no boots)
Will    .....        (no amulet)
Stlth   ++           (no ring)
HPRegen 0.26/turn    (no ring)
MPRegen 0.17/turn

%: repel missiles
@: no status effects
A: no striking features
a: no special abilities


You were on level 6 of the Dungeon.
You visited 1 branch of the dungeon, and saw 6 of its levels.

You collected 412 gold pieces.

Inventory:

Hand Weapons
 c - a +0 dagger
 t - a +3 broad axe of flaming (weapon)
 B - a +0 shortbow of freezing
 C - a +4 short sword of speed
Missiles
 u - a throwing net
Armour
 a - a +1 robe (worn)
 q - a scarf of repulsion (worn)
Magical Staves
 m - a staff of death
Wands
 f - a wand of paralysis (6)
 l - a wand of flame (10)
 z - a wand of digging (3)
Scrolls
 d - 2 scrolls of identify
 i - a scroll of vulnerability
 j - a scroll of summoning {unknown}
 k - 2 scrolls of torment
 p - 3 scrolls of fog
 s - a scroll of teleportation
 v - a scroll of noise
 w - a scroll of amnesia
 y - a scroll of fear
 A - 2 scrolls of acquirement {unknown}
Potions
 b - 2 potions of magic
 e - a potion of lignification {unknown}
 g - a potion of mutation {unknown}
 h - 2 potions of ambrosia {unknown}
 n - 2 potions of curing {unknown}
 o - 3 potions of haste
 r - a potion of berserk rage {unknown}
 x - a potion of heal wounds {unknown}
 D - 2 potions of brilliance
 E - a potion of flight {unknown}


   Skills:
 + Level 0.4 Fighting
 + Level 0.1 Axes
 + Level 2.9 Dodging
 + Level 3.4 Stealth
 + Level 8.2 Spellcasting
 + Level 0.2 Hexes
 + Level 7.6 Summonings


You had 12 spell levels left.
You knew the following spells:

 Your Spells              Type           Power      Damage    Failure   Level
a - Summon Small Mammal   Summ           100%       N/A       1%          1
b - Call Imp              Summ           84%        N/A       1%          2
c - Call Canine Familiar  Summ           42%        N/A       1%          3
d - Summon Guardian Gole  Hex/Summ       26%        N/A       4%          3
e - Necrotise             Necr           36%        1d5       8%          1

Your spell library contained the following spells:

 Spells                   Type           Power      Damage    Failure   Level
 Apportation              Tloc           18%        N/A       8%          1
 Summon Lightning Spire   Summ/Air       25%        N/A       16%         4
 Alistair's Intoxication  Tmut/Pois      6%         N/A       90%         5
 Fireball                 Conj/Fire      4%         3d4       90%         5
 Iron Shot                Conj/Erth      4%         9d2       100%        6
 Orb of Destruction       Conj           4%         9d5       100%        7
 Spellforged Servitor     Conj/Summ      12%        N/A       100%        7
 Fire Storm               Conj/Fire      4%         8d1       100%        9


Dungeon Overview and Level Annotations

Branches:
Dungeon (6/15)             Temple (0/1) D:5

Altars:
Cheibriados
Gozag
Xom

Shops:
D:5 ?   D:6 *


Message History

Blork the orc hits your guardian golem but does no damage.
Blork the orc hits your guardian golem but does no damage.
Blork the orc gestures at you while chanting.
The puff of frost hits your guardian golem but does no damage.
Blork the orc hits your guardian golem but does no damage.
Blork the orc frowns.
Blork the orc casts a spell.
Blork the orc seems to speed up.
Blork the orc hits your guardian golem with a +0 short sword.
Blork the orc casts a spell at you.
The magic dart hits your guardian golem.
Blork the orc hits your guardian golem with a +0 short sword.
Blork the orc hits your guardian golem but does no damage.
Blork the orc hits your guardian golem but does no damage. x2
Blork the orc hits your guardian golem but does no damage.
Blork the orc hits your guardian golem with a +0 short sword.
Blork the orc hits your guardian golem with a +0 short sword!
Blork the orc hits your guardian golem but does no damage.
Blork the orc gestures at you while chanting.
The puff of frost hits your guardian golem.
Your guardian golem resists.
Blork the orc looks angry.
Blork the orc hits your guardian golem with a +0 short sword!
Your guardian golem overheats!
Blork the orc hits your guardian golem with a +0 short sword!
Flame seeps out of your guardian golem.
Your guardian golem is engulfed in blazing flames.
Flame seeps out of your guardian golem.
Blork the orc hits your guardian golem with a +0 short sword.
Flame seeps out of your guardian golem.
Blork the orc looks satisfied for a moment.
Your guardian golem is engulfed in blazing flames.
Your guardian golem disappears in a puff of smoke!
Your guardian golem explodes!
The fiery explosion engulfs your hound!!
The fiery explosion engulfs Blork the orc!!!
Blork the orc dies!
The fiery explosion engulfs you!!!
Ouch! That really hurt!
You die...

...#........ #....
...#..###+#. ##..#
##.#..# #.#.####...#
...#..###.#........#
##.#......####.###.#
...#.#.............#
####.#.#..###..#####
........#.....#.#####.##
####.#..#....>#h@.......
#.##########○#####.##
#.# #§# #.# ... #.#
###.# #.# .# #.# .# #.#
.# .#


You could see a friendly hound (summoned, sheltered).

Vanquished Creatures
  A hound (D:4)
  A shadow imp (D:6)
  A bat (D:2)
  A giant cockroach (D:3)
  A jackal (D:1)
  A kobold (D:3)
  A quokka (D:2)
  A goblin (D:3)
  A rat (D:3)
9 creatures vanquished.

Vanquished Creatures (collateral kills)
  A black bear (D:5)
  2 ogres
  A scorpion (D:3)
  A hound (D:5)
  An orc priest (D:5)
  3 jellies
  An iguana (D:5)
  4 gnolls (D:2)
  6 adders
  2 worms
  3 dart slugs
  12 orcs
  3 endoplasms
  2 giant cockroaches
  4 goblins
  5 hobgoblins
  3 jackals (D:1)
  9 kobolds
  2 quokkas
  A ball python (D:4)
  3 bats
  5 frilled lizards
  10 rats
84 creatures vanquished.

Vanquished Creatures (others)
  A centaur (D:6)
  Blork the orc (D:6)
2 creatures vanquished.

Grand Total: 95 creatures vanquished

Notes
Turn   | Place    | Note
-------+----------+-------------------------------------------
     0 | D:1      | Byczy the Deep Elf Summoner began the quest for the Orb.
     0 | D:1      | Reached XP level 1. HP: 10/10 MP: 6/6
    86 | D:1      | Got the Monograph on Bruises
   252 | D:1      | Reached XP level 2. HP: 15/15 MP: 5/8
   256 | D:1      | Learned a level 2 spell: Call Imp
   345 | D:1      | Reached skill level 5 in Summonings
  1052 | D:2      | Reached XP level 3. HP: 15/19 MP: 5/9
  1711 | D:1      | Learned a level 3 spell: Call Canine Familiar
  1724 | D:2      | Reached skill level 4 in Spellcasting
  1724 | D:2      | Reached XP level 4. HP: 24/24 MP: 1/12
  2629 | D:3      | Noticed a scorpion
  2637 | D:3      | Killed a scorpion
  2638 | D:3      | Reached XP level 5. HP: 16/28 MP: 8/14
  2781 | D:3      | Found a faded altar of an unknown god.
  2925 | D:3      | Reached skill level 5 in Spellcasting
  3246 | D:3      | Found a shimmering altar of Xom.
  3246 | D:3      | Found a snail-covered altar of Cheibriados.
  3455 | D:4      | Learned a level 3 spell: Summon Guardian Golem
  3591 | D:4      | Reached skill level 6 in Spellcasting
  3729 | D:4      | You fall into a shaft and drop 1 floor!
  3729 | D:5      | Entered Level 5 of the Dungeon
  3814 | D:4      | Noticed an ogre
  3824 | D:4      | Killed an ogre
  3825 | D:4      | Reached XP level 6. HP: 32/32 MP: 9/17
  3985 | D:5      | Found Baitwoir's Magic Scroll Emporium.
  4048 | D:5      | Reached skill level 7 in Spellcasting
  4054 | D:5      | Found a staircase to the Ecumenical Temple.
  4334 | D:5      | Reached XP level 7. HP: 23/37 MP: 12/19
  4393 | D:5      | Learned a level 1 spell: Necrotise
  4419 | D:5      | Found an opulent altar of Gozag.
  4657 | D:6      | Found Dahyask's Lightly-Used Armoury.
  4701 | D:6      | Reached skill level 8 in Spellcasting
  4951 | D:6      | Noticed Blork the orc
  4989 | D:6      | Killed Blork the orc
  4989 | D:6      | Killed by an exploding themself... ignited by their inner
                  | flame

Illustrated notes

Levels and vault maps discovered:
D:1:      dpeg_arrival_ratfight, layout_loops_corners, minmay_ruptured
D:2:      layout_basic, wander_ebering_terrifying_dragon_lair
D:3:      layout_rooms, chequers_temple_overflow_statue_of_worship,
          shapermc_ecumenical_altar_acropolis, serial_rivers,
          chequers_serial_rivers_micro_a, chequers_serial_rivers_large_a,
          chequers_serial_rivers_room_a, chequers_serial_rivers_small_3,
          chequers_serial_rivers_room_b
D:4:      layout_cave_pools
D:5:      layout_basic, general_overflow_altar, minmay_temple_entry_overgrown,
          serial_shops, shop
D:6:      kennysheep_windowed_halls, layout_basic, nicolae_elyvilon_temple_path,
          minmay_shop_damaged, uniq_blork_the_orc

Skill      XL: |  1  2  3  4  5  6  7 |
---------------+----------------------+-----
Summonings     | 5 6 7 |  7.6
Spellcasting   | 4 6 7 8 |  8.2
Stealth        | 3 |  3.4
Fighting       | |  0.4
Axes           | |  0.1
Dodging        | |  2.9
Hexes          | |  0.2

Action                     |  1- 3 |  4- 6 |  7- 9 || total
---------------------------+-------+-------+-------++-------
  Melee: Unarmed           |     5 |       |       ||     5
         Punch             |     1 |       |       ||     1
         Dagger            |    27 |       |       ||    27
         Broad axe         |       |    10 |     2 ||    12
   Cast: Summon Small Mamm |    56 |    39 |    12 ||   107
         Call Imp          |     8 |     8 |     1 ||    17
         Call Canine Famil |     1 |    12 |     3 ||    16
         Summon Guardian G |       |       |     7 ||     7
    Use: Scroll            |       |    11 |     3 ||    14
 Armour: Robe              |    15 |    10 |     1 ||    26
  Dodge: Dodged            |    32 |    20 |     5 ||    57
